 Dungeon Crawl Stone Soup version 0.31.0-9-g3a7656b989 (webtiles) character file.

Game seed: 8961055000980666764

5098 Axelsxxd the Grappler (level 10, -3/73 HPs)
             Began as an Octopode Fighter on Feb 4, 2024.
             Was an Initiate of Gozag.
             Engulfed by a cloud of steam (8 damage)
             ... on level 8 of the Dungeon.
             The game lasted 00:12:25 (9883 turns).

Axelsxxd the Grappler (Octopode Fighter)            Turns: 9883, Time: 00:12:26

Health: -3/73      AC:  1    Str: 18    XL:     10   Next: 57%
Magic:  10/10      EV: 19    Int: 16    God:    Gozag
Gold:   144        SH:  6    Dex: 10    Spells: 9/9 levels left

rFire   . .          .
                       - Unarmed
rCold   . . .        a - +1 buckler
rNeg    . . .        (helmet restricted)
rPois   +            (no amulet)
rElec   +            j - ring of poison resistance
rCorr   .            k - +5 ring of evasion
SInv    .            s - ring of flight
Will    .....        (no ring)
Stlth   ++           (no ring)
HPRegen 0.32/turn    (no ring)
MPRegen 0.12/turn    (no ring)
                     (no ring)

%: no passive effects
@: gold aura, flying
A: almost no armour, amphibious, 8 rings, camouflage 1, gelatinous body 1,
(nimble swimmer 1), tentacles, clever 1, poison resistance, electricity
resistance
a: Renounce Religion, Potion Petition, Call Merchant, Bribe Branch


You were on level 8 of the Dungeon.
You worshipped Gozag.
Gozag was aware of your devotion.
You visited 1 branch of the dungeon, and saw 8 of its levels.
You also visited: Bailey.

You collected 600 gold pieces.
You spent 298 gold pieces at shops.
You paid 158 gold pieces to Gozag.

Inventory:

Missiles
 w - 8 throwing nets (quivered)
Armour
 a - a +1 buckler (worn)
Jewellery
 j - a ring of poison resistance (left tentacle)
 k - a +5 ring of evasion (right tentacle)
 s - a ring of flight (on tentacle)
Wands
 p - a wand of flame (3)
 q - a wand of digging (9)
 u - a wand of polymorph (4)
Scrolls
 b - 2 scrolls of blinking
 f - 8 scrolls of teleportation
 g - a scroll of vulnerability
 h - a scroll of fear
 l - a scroll of poison
 n - 4 scrolls of amnesia
 o - a scroll of noise
 r - a scroll of revelation
 t - 2 scrolls of enchant armour
 x - a scroll of immolation
 y - a scroll of enchant weapon
Potions
 c - a potion of attraction {unknown}
 d - 2 potions of ambrosia
 e - 3 potions of curing
 i - a potion of magic {unknown}
 m - 4 potions of lignification
 z - a potion of resistance
 C - a potion of invisibility {unknown}


   Skills:
 + Level 8.5 Fighting
 - Level 6.0 Dodging
 - Level 7.0 Shields
 + Level 9.8 Unarmed Combat
 - Level 4.0 Evocations


You had 9 spell levels left.
You didn't know any spells.
Your spell library was empty.

Dungeon Overview and Level Annotations

Branches:
Dungeon (8/15)             Temple (0/1) D:5          Bailey (visited)
   Lair: D:8-11

Altars:
Cheibriados
Fedhas
Gozag
Hepliaklqana
Kikubaaqudgha
Nemelex Xobeh
Ru
Wu Jian
Xom
Yredelemnul
Zin

Shops:
D:1 ([   D:2 (   D:4 (***


Innate Abilities, Weirdness & Mutations

You cannot wear most types of armour.
You are amphibious.
You can wear up to eight rings at the same time.
Your skin changes colour to match your surroundings (Stealth+).
Your rubbery body absorbs attacks. (AC +1, EV +1)
((You are camouflaged when in or above water. (Stealth+)))
You have tentacles for arms and can constrict up to eight enemies at once.
Your mind is acute. (Int +4, Str/Dex -1)
Your system is resistant to poisons. (rPois)
You are resistant to electric shocks. (rElec)


Message History

You closely miss the steam dragon.
You are engulfed in a cloud of scalding steam.
The steam dragon bites you. The steam dragon misses you.
You barely miss the steam dragon. You squeeze the steam dragon!
The steam dragon is moderately wounded.
You are engulfed in a cloud of scalding steam.
You block the steam dragon's attack. The steam dragon misses you.
You bludgeon the steam dragon!
The steam dragon is severely wounded.
You are engulfed in a cloud of scalding steam.
The steam dragon breathes steam at you. The ball of steam hits you!
* * * LOW HITPOINT WARNING * * *
You are too injured to fight recklessly!
You are too injured to fight recklessly!
You are too injured to fight recklessly!
You are too injured to fight recklessly!
You are too injured to fight recklessly!
You are too injured to fight recklessly!
You are too injured to fight recklessly!
You are too injured to fight recklessly!
You are too injured to fight recklessly!
You are too injured to fight recklessly!
You are too injured to fight recklessly!
You are too injured to fight recklessly!
You are too injured to fight recklessly!
You are too injured to fight recklessly!
You are too injured to fight recklessly!
You barely miss the steam dragon.
You squeeze the steam dragon, but do no damage.
The steam dragon is severely wounded.
The steam dragon bites you!
* * * LOW HITPOINT WARNING * * *
The steam dragon claws you.
* * * LOW HITPOINT WARNING * * *
You bludgeon the steam dragon!
You kill the steam dragon!
You are engulfed in a cloud of scalding steam.
You die...
Your body crumbles into a pile of gold.

................
#.....##$###...#
#.....##.# #
.......$$# .#######.#
###.# #§§§# ##§.#
##.@####..## ...
#...$......#
###..######..#####.##
.. #.#.......#.....##
.# #.#..............#
.# #.# #....##.###..#
.# #.###....##.# ....#
.#
#.#.........###..###
.####.###............#


There were no monsters in sight!

Vanquished Creatures
  A water nymph (D:8)
  A troll (D:6)
  Prince Ribbit (D:8)
  Sigmund (D:2)
  A wyvern (D:7)
  A steam dragon (D:8)
  2 water moccasins
  An orc warrior (D:8)
  An ice beast (D:7)
  2 sky beasts
  3 ogres
  5 centaurs
  5 wolves (Bailey)
  2 phantoms
  4 bullfrogs
  7 scorpions
  7 gnoll sergeants (Bailey)
  5 wights (D:6)
  A howler monkey (D:5)
  Crazy Yiuf (D:3)
  2 hounds (Bailey)
  An orc priest (D:7)
  5 gnoll boudas
  3 orc wizards
  4 iguanas
  Natasha (thrice) (D:3)
  18 gnolls
  5 adders
  A shadow imp (D:5)
  2 white imps
  4 ufetubi
  6 ribbon worms
  4 dart slugs
  12 orcs
  7 bats
  5 endoplasms
  3 giant cockroaches
  11 goblins
  5 hobgoblins
  5 jackals
  3 quokkas
  A ball python (D:2)
  4 frilled lizards
  13 kobolds
  6 rats
185 creatures vanquished.

Vanquished Creatures (others)
  An orc wizard (D:7)
1 creature vanquished.

Grand Total: 186 creatures vanquished

Notes
Turn   | Place    | Note
-------+----------+-------------------------------------------
     0 | D:1      | Axelsxxd the Octopode Fighter began the quest for the Orb.
     0 | D:1      | Reached XP level 1. HP: 16/16 MP: 1/1
    68 | D:1      | Reached XP level 2. HP: 9/21 MP: 2/2
   182 | D:1      | Found Nighobod's Antique Armour Shoppe.
   357 | D:1      | Reached XP level 3. HP: 19/26 MP: 3/3
   386 | D:1      | Found Enkyrit's Weapon Shop.
   941 | D:2      | Found Unubb's Antique Weapon Shop.
  1159 | D:2      | Reached XP level 4. HP: 20/32 MP: 4/4
  1381 | D:2      | Noticed Sigmund
  1388 | D:2      | Killed Sigmund
  1389 | D:2      | Reached skill level 3 in Unarmed Combat
  1389 | D:2      | Reached XP level 5. HP: 38/38 MP: 5/5
  2023 | D:3      | Reached XP level 6. HP: 35/44 MP: 6/6
  2170 | D:3      | Noticed a water moccasin
  2179 | D:3      | Killed a water moccasin
  2180 | D:3      | Reached skill level 4 in Unarmed Combat
  2295 | D:3      | Noticed Natasha
  2298 | D:3      | Killed Natasha
  2386 | D:3      | Noticed Natasha
  2394 | D:3      | Killed Natasha
  2395 | D:3      | Reached skill level 5 in Fighting
  2403 | D:3      | Noticed Natasha
  2409 | D:3      | Killed Natasha
  2410 | D:3      | Reached XP level 7. HP: 34/50 MP: 7/7
  2519 | D:3      | Identified the +9 dagger of Woxi Osi {freeze, rN+ Dex+2}
  2836 | D:3      | Found a runed translucent door.
  2837 | D:3      | Noticed Crazy Yiuf
  2982 | D:3      | Gained mutation: You are resistant to electric shocks.
                  | (rElec) [potion of mutation]
  2982 | D:3      | Gained mutation: Your system is resistant to poisons.
                  | (rPois) [potion of mutation]
  2982 | D:3      | Gained mutation: Your mind is acute. (Int +4, Str/Dex -1)
                  | [potion of mutation]
  2988 | D:3      | Killed Crazy Yiuf
  3064 | D:4      | Found Munijiq's General Store.
  3078 | D:4      | Bought a potion of lignification for 42 gold pieces
  3078 | D:4      | Bought 2 potions of berserk rage for 140 gold pieces
  3112 | D:4      | Found Kuporio's General Store.
  3122 | D:4      | Bought a scroll of amnesia for 40 gold pieces
  3320 | D:4      | Found Jusoekka's Weapon Emporium.
  3330 | D:4      | Reached skill level 5 in Unarmed Combat
  3461 | D:4      | Found Vawoew's Assorted Antiques.
  3468 | D:4      | Bought a scroll labelled SUNUPI ZUVAINI for 19 gold pieces
  3468 | D:4      | Bought a scroll labelled DONOYMNIHA for 19 gold pieces
  3595 | D:4      | Found an ornate altar of the Wu Jian Council.
  3610 | D:4      | Found an ancient bone altar of Kikubaaqudgha.
  3884 | D:4      | Bought a scroll of identify for 38 gold pieces
  3904 | D:5      | Entered Level 5 of the Dungeon
  4076 | D:5      | Reached skill level 5 in Shields
  4076 | D:5      | Reached skill level 6 in Unarmed Combat
  4093 | D:5      | Reached XP level 8. HP: 52/55 MP: 8/8
  4246 | D:5      | Reached skill level 7 in Unarmed Combat
  4441 | D:5      | Found a sparkling altar of Nemelex Xobeh.
  4461 | D:5      | Found a staircase to the Ecumenical Temple.
  5298 | D:6      | Reached skill level 1 in Evocations
  5356 | D:6      | Found a blossoming altar of Fedhas.
  5469 | D:6      | Reached XP level 9. HP: 60/61 MP: 9/9
  5502 | D:6      | Noticed a troll
  5507 | D:6      | Killed a troll
  5697 | D:6      | Reached skill level 5 in Dodging
  5847 | D:6      | Found an opulent altar of Gozag.
  5993 | D:6      | Found a glowing silver altar of Zin.
  6012 | D:6      | Found a shimmering altar of Xom.
  6138 | D:6      | Found a sacrificial altar of Ru.
  6342 | D:7      | Found a flagged portal.
  6345 | D:7      | Reached skill level 8 in Unarmed Combat
  6367 | Bailey   | Entered a bailey
  6946 | Bailey   | Identified the +9 rapier "Ugumuih" {flame, Will+ rCorr
                  | SInv}
  6946 | Bailey   | Identified the ring of Butchery {rF+ MP+9 Str+5 Slay-6}
  6992 | Bailey   | Reached XP level 10. HP: 56/71 MP: 10/10
  7749 | Bailey   | Reached skill level 9 in Unarmed Combat
  8356 | D:6      | Became a worshipper of Gozag Ym Sagoz the Greedy
  9562 | D:8      | Noticed a two-headed ogre
  9564 | D:8      | a two-headed ogre changed into a cane toad
  9564 | D:8      | Noticed a cane toad
  9566 | D:8      | a cane toad changed into a water nymph
  9566 | D:8      | Noticed a water nymph
  9575 | D:8      | Killed a water nymph
  9722 | D:8      | Found a hazy altar of Hepliaklqana.
  9722 | D:8      | Found a basalt altar of Yredelemnul.
  9722 | D:8      | Found a snail-covered altar of Cheibriados.
  9770 | D:8      | Noticed Prince Ribbit
  9791 | D:8      | Killed Prince Ribbit
  9883 | D:8      | Engulfed by a cloud of steam

Illustrated notes

Levels and vault maps discovered:
D:1:      dpeg_arrival_simpleton_c, layout_basic, serial_shops,
          nicolae_shop_peninsula, nicolae_shop_tiny_real_fake_doors, hex_large
D:2:      layout_basic, serial_shops, shop, uniq_sigmund
D:3:      layout_basic, uniq_crazy_yiuf_cottage, uniq_natasha
D:4:      layout_loops_ring, amethyst_overflow_temple_binary, serial_shops,
          shop, shop, nicolae_shop_bloodbath_and_beyond,
          nicolae_shop_tiny_statue_garden
D:5:      minmay_bubble_buster, layout_loops_ring,
          nemelex_xobeh_ov_fountains_minmay, minmay_temple_entry_poolview
D:6:      layout_basic, pdpol_temple_overflow_zin_treasury_gozag_greed,
          xom_redecorated, nicolae_ru_path_of_blood, lemuel_crystal_altar,
          minmay_misc_feat_nine_boxes
D:7:      layout_cave_pods, enter_bailey_5, hex_medium,
          chequers_serial_rivers_large_b, kennysheep_dice
D:8:      layout_basic, gammafunk_temple_overflow_claw,
          hangedman_decor_riveting, nicolae_shop_fire_sale
          [nicolae_sub_dead_trees], uniq_prince_ribbit1

Skill      XL: |  1  2  3  4  5  6  7  8  9 10 |
---------------+-------------------------------+-----
Fighting       | 4 5 7 8 |  8.5
Unarmed Combat | 3 4 6 7 8 9 |  9.8
Dodging        | 4 6 |  6.0
Shields        | 4 5 7 |  7.0
Evocations     | 2 4 |  4.0

Action                     |  1- 3 |  4- 6 |  7- 9 | 10-12 || total
---------------------------+-------+-------+-------+-------++-------
  Melee: Unarmed           |    69 |    51 |   302 |   125 ||   547
         Constrict         |    21 |    14 |    61 |    27 ||   123
         Punch             |     4 |     1 |    17 |     9 ||    31
         Tentacles         |     9 |    15 |    92 |    38 ||   154
  Evoke: Wand              |       |       |     5 |     8 ||    13
    Use: Potion            |     1 |     1 |     8 |     2 ||    12
         Scroll            |       |     4 |     6 |     4 ||    14
   Stab: Sleeping          |     3 |     3 |     6 |     2 ||    14
         Distracted        |       |       |     1 |       ||     1
 Armour: Skin              |    33 |    14 |   108 |    63 ||   218
  Dodge: Dodged            |    40 |    18 |   206 |   133 ||   397
  Block: Buckler           |     8 |     5 |    72 |    42 ||   127
